 Dungeon Crawl Stone Soup version 0.21.1-1-g345015f (webtiles) character file.

99 sking99 the Ruffian (level 4, -4/38 HPs)
             Began as a Naga Transmuter on June 24, 2018.
             Killed by nerve-wracking pain
             ... invoked by tidbits's ghost
              (12 damage)
             ... on level 3 of the Dungeon.
             The game lasted 00:08:37 (2740 turns).

sking99 the Ruffian (Naga Transmuter)               Turns: 2740, Time: 00:08:38

Health: -4/38      AC:  2    Str: 13    XL:     4   Next: 72%
Magic:  6/7        EV: 10    Int: 14    God:
Gold:   100        SH:  0    Dex: 11    Spells: 1/7 levels left

rFire    . . .     SeeInvis +     - Unarmed
rCold    . . .     Gourm    .   (no shield)
rNeg     . . .     Faith    .   b - +0 robe
rPois    +         Spirit   .   (no helmet)
rElec    .         Reflect  .   (no cloak)
rCorr    .         Harm     .   (no gloves)
MR       .....                  (no barding)
Stlth    +.........             (no amulet)
HPRegen  0.12/turn              (no ring)
MPRegen  0.10/turn              (no ring)

@: very slow
A: large, see invisible, deformed body, poison resistance, slowness 2, slow
metabolism 1, spit poison 1, AC +1
a: Spit Poison


You were on level 3 of the Dungeon.
You were not hungry.

You visited 1 branch of the dungeon, and saw 3 of its levels.

You collected 100 gold pieces.

Inventory:

Missiles
 a - 8 arrows (quivered)
Armour
 b - a +0 robe (worn)
 i - a +0 helmet of intelligence
Scrolls
 e - a scroll of enchant weapon {unknown}
 g - a scroll of teleportation {unknown}
 k - a scroll of immolation {unknown}
 l - a scroll of random uselessness {unknown}
Potions
 h - 2 potions of curing {unknown}
 j - a potion of lignification {unknown}
 m - a potion of flight {unknown}
Books
 c - a book of Changes

   Spells                             Type                      Level
   a - Beastly Appendage              Transmutation                1
   b - Sticks to Snakes               Transmutation                2
   c - Spider Form                    Transmutation/Poison         3
   d - Ice Form                       Ice/Transmutation            4
   e - Blade Hands                    Transmutation                5
Comestibles
 d - 2 rations
 n - 3 chunks of flesh


   Skills:
 + Level 1.0 Fighting
 + Level 1.6 Dodging
 - Level 4.5 Unarmed Combat
 - Level 2.2 Spellcasting
 - Level 2.6 Transmutations
 - Level 1.3 Poison Magic


You had one spell level left.
You knew the following spells:

 Your Spells              Type           Power        Failure   Level  Hunger
a - Spider Form           Tmut/Pois      #.........   30%         3    ###....
b - Sticks to Snakes      Tmut           #.......     12%         2    ###....
c - Beastly Appendage     Tmut           #.....       8%          1    #......


Dungeon Overview and Level Annotations

Branches:
Dungeon (3/15)

Altars:

Annotations:
D:3 tidbits's ghost, weakling GnNe


Innate Abilities, Weirdness & Mutations

You cannot wear boots.
Your serpentine skin is tough. (AC +1)
You have supernaturally acute eyesight. (SInv)
Armour fits poorly on your strangely shaped body.
Your system is resistant to poisons. (rPois)
You cover ground very slowly.
You have a slow metabolism.
You can spit poison.


Message History

Orders for allies: a - Attack new target. r - Retreat! s - Stop attacking. g - Guard the area. f - Follow me.
Anything else - Cancel.
Guard this area!
Your ball python bites tidbits's ghost but does no damage.
Tidbits's ghost gestures at you while chanting.
You struggle to resist.
Your ball python misses tidbits's ghost.
Tidbits's ghost wails.
Your ball python bites tidbits's ghost but does no damage.
Your ball python bites tidbits's ghost.
Tidbits's ghost barely misses your ball python.
Your ball python misses tidbits's ghost.
Okay, then.
As you read the scroll labeled ITIOZXU RYPP, it crumbles to dust.
You feel aware of your surroundings.
It was a scroll of magic mapping.
Tidbits's ghost points at you and mumbles some strange words.
Pain shoots through your body!
You die...

........#..#..W...,,,,,*,***
.#####...)...#*,,,,,,,,*,,,*
.......##..#.#*,,,,,,,,***,******
...........#.##..,,,,,,,,,,,,,,,,
.......##........,,,,,,,**,**,**,
.#####.##.##.###.,,,,,,,**,**,**,
.......##.##...,,,,,,,,,**,,,,**,
.########W.#*##########.**,**,**,
.# ##.# #.@.......,*,**,**, .#
#.# #.##......,,,,,,,,, ## #.#
#W#*,.#.##,****,*** ##
#.####.##....,,,,,,,,* .####
#S.W.......#.#*,****** ....#
######.##..#,#*,* ....#
#...,....,,* ....######
#####*###*** .........#


You could see tidbits's ghost.

Vanquished Creatures
  2 adders
  An ooze (D:1)
  A worm (D:3)
  5 dart slugs
  2 leopard geckos
  5 orcs (D:3)
  8 bats
  8 goblins
  7 hobgoblins
  A quokka (D:3)
  5 frilled lizards
  5 kobolds
  8 rats
58 creatures vanquished.

Vanquished Creatures (collateral kills)
  A frilled lizard (D:2)
1 creature vanquished.

Grand Total: 59 creatures vanquished

Notes
Turn   | Place    | Note
-------+----------+-------------------------------------------
     0 | D:1      | sking99 the Naga Transmuter began the quest for the Orb.
     0 | D:1      | Reached XP level 1. HP: 18/18 MP: 3/3
   189 | D:1      | Reached XP level 2. HP: 21/25 MP: 5/5
   406 | D:1      | Reached skill level 4 in Unarmed Combat
   423 | D:1      | Reached XP level 3. HP: 31/31 MP: 6/6
   873 | D:2      | Learned a level 2 spell: Sticks to Snakes
   877 | D:2      | Learned a level 3 spell: Spider Form
  1171 | D:2      | Reached XP level 4. HP: 37/38 MP: 7/7
  1352 | D:2      | Reached skill level 1 in Poison Magic
  1803 | D:3      | Noticed tidbits's ghost (weakling GnNe)
  2740 | D:3      | Killed from afar by tidbits's ghost

Skill      XL: |  1  2  3  4 |
---------------+-------------+-----
Unarmed Combat | 4 |  4.5
Poison Magic   | 1 |  1.3
Fighting       | |  1.0
Dodging        | |  1.6
Spellcasting   | |  2.2
Transmutations | |  2.6

Action                   |  1- 3 |  4- 6 || total
-------------------------+-------+-------++-------
Melee: Unarmed           |    57 |    72 ||   129
       Headbutt          |     1 |       ||     1
       Punch             |       |     1 ||     1
 Cast: Beastly Appendage |     2 |       ||     2
       Sticks to Snakes  |     1 |     3 ||     4
       Spider Form       |       |     4 ||     4
 Abil: Spit Poison       |    23 |     5 ||    28
  Use: Scroll            |       |     1 ||     1
  Eat: Chunk             |     2 |     2 ||     4
       Ration            |       |     1 ||     1
Armor: Robe              |    12 |    13 ||    25
Dodge: Dodged            |    31 |    39 ||    70
